Unix NetHack Version 5.0.0-0 post-release - last build May 31 2026 23:59:36 (970b52f25bf058293b47ddfd14a1e40e571c508c,branch:main).

Game began 2026-06-07 23:59:07, ended 2026-06-08 00:09:42.

Jobair, lawful female dwarven Archeologist

                 -------------
                 |..........`|                      -------------
                 |........{...#########0            .......%....|
                 |...........|     --------       #)..........*.|
                 |............    #+.>.....########  ..........%|
              ###-.<.........|    #|......|          - ----------
              #  -------|-----    #|......|
      -----   #         #      ####|......|
      |%_.| ###         #      ####.......|
      |...| #           #     ###  ----|---
      |...-##          ##    ##
      |...|            #     #
      ---.-  ######    #    ##
         #####   -.----.----#
                 |..[.{....|#
                 |.........|#
                 |.......@u.#
                 |.........|
                 -----------

Jobair the Field Worker    St:13 Dx:11 Co:15 In:16 Wi:14 Ch:10  Lawful
Dlvl:5  $:59 HP:0(33) Pw:7(7) AC:6  Xp:3 T:1681  Hungry  

Latest messages:
 A pair of fencing gloves lands on the altar.
 You cannot drop something you are wearing.
 A bag of tricks lands on the altar.
 B - an uncursed pair of fencing gloves.
 A - an uncursed bag of tricks.
 What do you want to wear?
 You finish your dressing maneuver.
 What do you want to take off?
 You were wearing an uncursed +0 fedora.
 What do you want to wear?
 You finish your dressing maneuver.
 You hear some noises in the distance.
 You see here a banded mail.
 You swap places with Godzilla.
 You swap places with Godzilla.
 Godzilla bites the pony.
 Godzilla misses it.
 You hear some noises.
 The pony kicks!
 The pony bites!
 You miss the pony.
 The pony kicks!
 The pony bites!
 Godzilla misses the pony.
 You miss the pony.
 The pony kicks!
 The pony bites!
 Godzilla bites the pony.
 The pony misses Godzilla.
 The pony misses Godzilla.
 The pony kicks!
 The pony bites!
 Godzilla misses the pony.
 Godzilla misses the pony.
 Godzilla misses the pony.
 You are beginning to feel hungry.
 The pony kicks!
 The pony bites!
 The pony kicks!
 The pony misses!
 The pony kicks!
 The pony bites!
 You lash the pony.
 The pony kicks!
 You die...
 Do you want your possessions identified? [ynq] (y) y
 Do you want to see your attributes? [ynq] (y) y
 Do you want an account of creatures vanquished? [ynaq] (y) y
 Do you want to see your conduct and achievements? [ynq] (y) y
 Do you want to see the dungeon overview? [ynq] (y) y

Inventory:
 Coins    ('$')
  $ - 59 gold pieces
 Weapons  (')')
  a - a +2 bullwhip (weapon in left hand)
 Armor    ('[')
  c - an uncursed +0 fedora
  u - a blessed +0 orcish helm (being worn)
  B - an uncursed +0 pair of gauntlets of dexterity (being worn)
  l - an uncursed +0 pair of kicking boots (being worn)
  b - an uncursed +0 leather jacket (being worn)
 Comestibles  ('%')
  d - 4 uncursed food rations
  m - an uncursed lembas wafer
 Scrolls  ('?')
  q - an uncursed scroll of identify
 Potions  ('!')
  s - an uncursed potion of extra healing
  n - a cursed potion of full healing
  r - an uncursed potion of gain energy
 Rings    ('=')
  j - an uncursed ring of poison resistance
  z - an uncursed ring of poison resistance
 Wands    ('/')
  t - a wand of undead turning (0:5)
 Tools    ('(')
  h - an empty uncursed sack
  A - a bag of tricks (0:9)
  e - a +0 pick-axe (alternate weapon; not wielded)
  i - an uncursed tin opener
  f - a tinning kit (0:81)
 Gems/Stones  ('*')
  k - a cursed worthless piece of red glass
  o - 2 uncursed worthless pieces of yellowish brown glass
  g - an uncursed touchstone

Jobair the Archeologist's attributes:

Background:
 You were a Field Worker, a level 3 female dwarven Archeologist.
 You were lawful, on a mission for Quetzalcoatl
 who was opposed by Camaxtli (neutral) and Huhetotl (chaotic).
 You were left-handed.
 You were in the Dungeons of Doom, on level 5.
 You entered the dungeon 1681 turns ago.
 It was the midnight hour.
 You had 74 experience points, 6 more were needed to attain level 4.

Basics:
 You had 0 out of 33 hit points.
 You had all 7 energy points (spell power).
 Your armor class was 6.
 Your wallet contained 59 zorkmids.
 Autopickup was off.

Final Characteristics:
 Your strength was 13 (limit:18/100).
 Your dexterity was 11 (limit:20).
 Your constitution was 15 (limit:20).
 Your intelligence was 16 (limit:16).
 Your wisdom was 14 (limit:16).
 Your charisma was 10 (limit:16).

Final Status:
 You were hungry.
 You were unencumbered.
 You were wielding a whip.
 You had basic skill with whip.

Final Attributes:
 You were devoutly aligned.
 You had automatic searching.
 You had infravision.
 You are dead.

Miscellaneous:
 You didn't encounter any bones levels.
 Total elapsed playing time was 10 minutes and 34 seconds.

Major events:
 Turn
    1: Jobair the lawful female dwarven Archeologist entered the dungeon
 1223: attained the rank of Field Worker (level 3)
 1681: killed by a pony

You didn't know any spells.

Skills:
 Fighting Skills
   bare handed combat [Unskilled]
   two weapon combat  [Unskilled]
   riding             [Unskilled]
 Weapon Skills
   dagger             [Unskilled]
   knife              [Unskilled]
   pick-axe           [Basic]
   short sword        [Unskilled]
   saber              [Unskilled]
   club               [Unskilled]
   quarterstaff       [Unskilled]
   sling              [Unskilled]
   dart               [Unskilled]
   boomerang          [Unskilled]
   whip               [Basic]
   unicorn horn       [Unskilled]
 Spellcasting Skills
   attack spells      [Unskilled]
   healing spells     [Unskilled]
   divination spells  [Unskilled]
   matter spells      [Unskilled]

Voluntary challenges:
 Character rerolling was not enabled.
 You never genocided any monsters.
 You never polymorphed an object.
 You never changed form.
 You used no wishes.
Achievement:
 You attained the rank of Field Worker.

 The Dungeons of Doom: levels 1 to 5
    Level 1:
    Level 2:
       Many fountains.
    Level 3:
       A fountain.
    Level 4:
    Level 5: <- You were here.
       An altar to Quetzalcoatl, some fountains.
       Final resting place for
          you, killed by a pony.


Vanquished creatures:
  a shrieker
  a giant ant
  a floating eye
  a giant bat
 an iguana
  a cave spider
  3 yellow molds
  a green mold
  a gnome zombie
  4 geckos
  4 jackals
  2 foxes
  a kobold
  2 goblins
  6 grid bugs
  2 lichens
  5 newts
37 creatures vanquished.

No species were genocided or became extinct.

Game over:
                       ----------
                      /          \
                     /    REST    \
                    /      IN      \
                   /     PEACE      \
                  /                  \
                  |      Jobair      |
                  |      59 Au       |
                  | killed by a pony |
                  |                  |
                  |                  |
                  |                  |
                  |       2026       |
                 *|     *  *  *      | *
        _________)/\\_//(\/(/\)/\//\/|_)_______

Goodbye Jobair the Archeologist...

You died in The Dungeons of Doom on dungeon level 5 with 550 points,
and 59 pieces of gold, after 1681 moves.
You were level 3 with a maximum of 33 hit points when you died.

